[Event "December 12 Late 2023"]
[Site "https://www.chess.com"]
[Date "2023.12.12"]
[Round "3"]
[White "Tapie Amione, Pablo Adib"]
[Black "Sailer, Mike"]
[Result "1-0"]
[Board "112"]
[TimeControl "180+1"]
[WhiteFideId "5107180"]
[BlackFideId "2012901"]
[WhiteElo "2519"]
[BlackElo "2103"]
[WhiteTeam "MEX"]
[BlackTeam "USA"]
[WhiteClock "0:01:29"]
[BlackClock "0:00:00"]

1. e4 d5 2. exd5 Qxd5 3. Nf3 Bg4 4. Be2 Nc6 5. h3 Bxf3 6. Bxf3 Qe5+ 7. Qe2 Qxe2+ 8. Bxe2 O-O-O 9. Bc4 e6 10. c3 Nf6 11. O-O Na5 12. Be2 c5 13. d3 Bd6 14. Be3 Nd5 15. Bg5 f6 16. Bc1 Bf4 17. Nd2 Rhe8 18. g3 Bh6 19. Rd1 Rd7 20. Nb3 Bxc1 21. Rdxc1 Nxb3 22. axb3 a6 23. d4 Rc7 24. dxc5 Rxc5 25. b4 Rc7 26. b5 Nb6 27. bxa6 bxa6 28. Rxa6 Kb7 29. Rca1 Kc6 30. Bf3+ Kc5 31. b4+ Kb5 32. Rxb6+ Kxb6 33. Ra5 Rd8 34. Ra3 Rd3 35. Be2 Rdxc3 36. Ra6+ Kb7 37. Rxe6 Rc1+ 38. Kg2 R1c2 39. Bd3 Rb2 40. b5 Rc3 41. Be4+ Kc7 42. Bc6 Rcc2 43. g4 Rxf2+ 44. Kg3 g5 45. Re7+ Kb6 46. Rxh7 Rfc2 47. Kf3 Rb3+ 48. Ke4 Rc4+ 49. Kf5 Rf4+ 50. Kg6 Rff3 51. Bxf3 Rxf3 52. Rf7 Kxb5 53. Rxf6 Rxh3 54. Kxg5 Kc5 55. Re6 Kd5 56. Re1 Rh2 57. Kg6 Kd6 58. g5 Kd7 59. Kg7 Rh3 60. g6 Kd6 61. Kg8 Kd7 62. g7 Rf3 63. Re4 Rf2 64. Kh7 Rh2+ 65. Kg6 1-0

[Event "December 12 Late 2023"]
[Site "https://www.chess.com"]
[Date "2023.12.12"]
[Round "3"]
[White "Korchynskyi, Mykola"]
[Black "Diaz Garcia, Lianet"]
[Result "1-0"]
[Board "113"]
[TimeControl "180+1"]
[WhiteFideId "34138005"]
[BlackFideId "3526747"]
[WhiteElo "2518"]
[BlackElo "2066"]
[WhiteTeam "UKR"]
[BlackTeam "CUB"]
[WhiteClock "0:01:49"]
[BlackClock "0:01:28"]

1. d4 f5 2. c4 e6 3. Nc3 Bb4 4. Nf3 Bxc3+ 5. bxc3 Nf6 6. Bg5 b6 7. e3 Bb7 8. Be2 O-O 9. O-O d6 10. d5 e5 11. Nd2 Qe8 12. Kh1 Nbd7 13. f4 Ne4 14. Nxe4 fxe4 15. Bg4 Nc5 16. Be6+ Qxe6 17. dxe6 1-0

[Event "December 12 Late 2023"]
[Site "https://www.chess.com"]
[Date "2023.12.12"]
[Round "3"]
[White "De Souza, Arthur Olintho"]
[Black "Petukhov, Dmitry"]
[Result "0-1"]
[Board "114"]
[TimeControl "180+1"]
[WhiteFideId "2116200"]
[BlackFideId "4142748"]
[WhiteElo "2057"]
[BlackElo "2515"]
[WhiteTeam "BRA"]
[BlackTeam "RUS"]
[WhiteClock "0:00:43"]
[BlackClock "0:01:08"]

1. e4 c5 2. Nc3 Nc6 3. Nge2 g5 4. d4 cxd4 5. Nxd4 h6 6. Nxc6 dxc6 7. Qxd8+ Kxd8 8. Be3 Bg7 9. O-O-O+ Kc7 10. h4 g4 11. Bc4 e6 12. Bf4+ e5 13. Bg3 Be6 14. Bxe6 fxe6 15. Na4 b6 16. b3 h5 17. Nb2 Bh6+ 18. Kb1 Bf4 19. Nc4 Bxg3 20. fxg3 Nf6 21. Nxe5 Rad8 22. Nf7 Rxd1+ 23. Rxd1 Rf8 24. Ng5 Kc8 25. Rf1 Kd7 26. Rd1+ Ke7 27. e5 Nd5 28. Kb2 b5 29. c4 Rf2+ 30. Ka1 Nc3 0-1

[Event "December 12 Late 2023"]
[Site "https://www.chess.com"]
[Date "2023.12.12"]
[Round "3"]
[White "Makaraci, Tunahan"]
[Black "Burke, Paul"]
[Result "0-1"]
[Board "115"]
[TimeControl "180+1"]
[WhiteFideId "6356559"]
[BlackFideId "2605767"]
[WhiteElo "2515"]
[BlackElo "1836"]
[WhiteTeam "TUR"]
[BlackTeam "CAN"]
[WhiteClock "0:00:10"]
[BlackClock "0:00:08"]

1. e4 e5 2. Nc3 Nc6 3. Bc4 Be7 4. Nf3 Nf6 5. d4 exd4 6. Nxd4 d6 7. O-O O-O 8. h3 Nxd4 9. Qxd4 Be6 10. Bg5 Bxc4 11. Qxc4 h6 12. Bh4 c6 13. Rad1 Qb6 14. b3 Rad8 15. Ne2 d5 16. exd5 Nxd5 17. Bxe7 Nxe7 18. Ng3 Rxd1 19. Rxd1 Rd8 20. Re1 Nd5 21. Qg4 Qb4 22. Re4 Qd6 23. Nf5 Qf6 24. c4 Nc3 25. Re1 Rd2 26. a4 Rb2 27. Ne7+ Kh7 28. Qc8 Qxf2+ 29. Kh2 Qxg2# 0-1

[Event "December 12 Late 2023"]
[Site "https://www.chess.com"]
[Date "2023.12.12"]
[Round "3"]
[White "Reinecke, Katharina"]
[Black "Thomforde-Toates, Noah"]
[Result "0-1"]
[Board "116"]
[TimeControl "180+1"]
[WhiteFideId "12929727"]
[BlackFideId "30951992"]
[WhiteElo "2010"]
[BlackElo "2686"]
[WhiteTeam "GER"]
[BlackTeam "USA"]
[WhiteClock "0:00:13"]
[BlackClock "0:01:16"]

1. d4 Nf6 2. c4 g6 3. Nf3 Bg7 4. g3 O-O 5. Bg2 d6 6. O-O Nc6 7. Nc3 e5 8. dxe5 Nxe5 9. Nxe5 dxe5 10. e4 c6 11. b3 Qc7 12. Qc2 Be6 13. Ba3 Rfd8 14. Rad1 Bf8 15. Bxf8 Kxf8 16. h3 Kg7 17. Kh2 Rxd1 18. Rxd1 Rd8 19. Rxd8 Qxd8 20. Qd1 Qa5 21. Qc2 Qc5 22. Qd2 Nd7 23. Ne2 Qa3 24. f4 Qc5 25. fxe5 Nxe5 26. Nf4 Bd7 27. Kh1 Kg8 28. Kh2 a5 29. Ne2 Qf2 30. Qf4 Qc5 31. Nc3 Be6 32. Na4 Qd4 33. c5 Nd3 34. Qb8+ Kg7 35. Qxb7 Qf2 36. Qxc6 Ne5 37. Qd6 Nf3+ 38. Kh1 Qg1# 0-1

[Event "December 12 Late 2023"]
[Site "https://www.chess.com"]
[Date "2023.12.12"]
[Round "3"]
[White "Omelja, Artem"]
[Black "Avila Rodriguez, Joshua Ad"]
[Result "1/2-1/2"]
[Board "117"]
[TimeControl "180+1"]
[WhiteFideId "14119846"]
[BlackFideId "5126444"]
[WhiteElo "2620"]
[BlackElo "2408"]
[WhiteTeam "UKR"]
[BlackTeam "MEX"]
[WhiteClock "0:00:14"]
[BlackClock "0:00:14"]

1. e4 c5 2. Nf3 d6 3. d4 cxd4 4. Nxd4 Nf6 5. Nc3 a6 6. Be2 e5 7. Nb3 Be7 8. Be3 Be6 9. Nd5 Nbd7 10. Qd3 O-O 11. c4 b5 12. Rc1 bxc4 13. Rxc4 Bxd5 14. exd5 Nb6 15. Bxb6 Qxb6 16. O-O a5 17. Rc6 Qb7 18. Rfc1 a4 19. Nd2 Qxb2 20. Rb1 Qxa2 21. Rc2 Qxd5 22. Qxd5 Nxd5 23. Bf3 Ra5 24. Rb7 Bf6 25. Nc4 Rc5 26. Be4 Ra8 27. g3 g6 28. Kg2 Bg7 29. Nxd6 Rxc2 30. Bxc2 a3 31. Bb3 a2 32. Bxa2 Rxa2 33. Nxf7 Rc2 34. Ng5 Rc8 35. Ne6 Bh6 36. Rd7 Nf6 37. Re7 Re8 38. Rxe8+ Nxe8 39. Kf3 Kf7 40. Nc5 Ke7 41. Ke4 Bg7 42. Kd5 Nf6+ 43. Kxe5 Ng4+ 44. Kf4 Nxf2 45. h4 Nd1 46. Kf3 Nc3 47. Nd3 Nd5 48. g4 Kd6 49. Nf2 Nc3 50. Nd3 Bd4 51. Nf4 Nd5 52. Nh3 Bf6 53. h5 g5 54. Ke4 Ne7 55. Nf2 h6 56. Nd3 Ke6 57. Nc5+ Kf7 58. Nd3 Nc8 59. Kd5 Nb6+ 60. Kc5 Nd7+ 61. Kd5 Nf8 62. Nc5 Be7 63. Ne4 Ne6 64. Ke5 Nf4 65. Kf5 Nd5 66. Ke5 Ne3 67. Nf2 Bf6+ 68. Ke4 Ng2 69. Nd3 Nf4 70. Nxf4 gxf4 71. Kxf4 Bg5+ 72. Kf3 Ke6 73. Kg2 Ke5 74. Kh1 Kf4 75. Kg2 Kxg4 76. Kh1 Kxh5 77. Kg2 Kg4 78. Kh1 h5 79. Kg2 h4 80. Kh1 Kg3 81. Kg1 h3 82. Kh1 h2 1/2-1/2

[Event "December 12 Late 2023"]
[Site "https://www.chess.com"]
[Date "2023.12.12"]
[Round "3"]
[White "Narva, Mai"]
[Black "Marin Posada, Sebastian"]
[Result "0-1"]
[Board "118"]
[TimeControl "180+1"]
[WhiteFideId "4500512"]
[BlackFideId "4402782"]
[WhiteElo "2583"]
[BlackElo "2401"]
[WhiteTeam "EST"]
[BlackTeam "COL"]
[WhiteClock "0:00:25"]
[BlackClock "0:00:12"]

1. e4 c5 2. Nf3 d6 3. d4 cxd4 4. Nxd4 Nf6 5. Nc3 g6 6. Be3 Bg7 7. f3 O-O 8. Qd2 Nc6 9. O-O-O d5 10. Nxc6 bxc6 11. Bh6 Rb8 12. e5 Nd7 13. Bxg7 Kxg7 14. h4 h6 15. h5 g5 16. f4 e6 17. Rh3 Kh8 18. Re1 Rg8 19. f5 Qa5 20. Rf3 Nc5 21. fxe6 Bxe6 22. Rf6 Kg7 23. a3 Rb7 24. Ne4 Qxd2+ 25. Nxd2 Rgb8 26. b3 Nd7 27. Rf2 c5 28. g3 a5 29. a4 Rb4 30. Bg2 c4 31. c3 Rxb3 32. Nxb3 Rxb3 33. Kc2 Nc5 34. Rd1 Ra3 35. Rf6 Ra2+ 36. Kb1 Rxg2 37. Rc1 Nxa4 38. Rc2 Rg1+ 39. Ka2 Nc5 40. Rb2 Ne4 41. Rf3 Rxg3 42. Rxg3 Nxg3 43. Rb5 Nxh5 44. Rxa5 Nf4 0-1

[Event "December 12 Late 2023"]
[Site "https://www.chess.com"]
[Date "2023.12.12"]
[Round "3"]
[White "Khater, Sherif"]
[Black "Topalov, Aleksandar"]
[Result "1-0"]
[Board "119"]
[TimeControl "180+1"]
[WhiteFideId "2034280"]
[BlackFideId "925659"]
[WhiteElo "2560"]
[BlackElo "2393"]
[WhiteTeam "USA"]
[BlackTeam "SRB"]
[WhiteClock "0:00:30"]
[BlackClock "0:00:08"]

1. Nf3 Nf6 2. b3 g6 3. Bb2 Bg7 4. g3 O-O 5. Bg2 d6 6. O-O c5 7. d3 Nc6 8. Nbd2 a6 9. e4 b5 10. e5 Nd7 11. Re1 Rb8 12. d4 Nxd4 13. Nxd4 cxd4 14. exd6 e5 15. a4 Nb6 16. Ba3 Bd7 17. a5 Nc8 18. Bb4 Re8 19. Ne4 Bc6 20. Nf6+ Bxf6 21. Bxc6 Rf8 22. Qf3 Nxd6 23. Qd5 Nf5 24. Bxf8 Qxf8 25. Qf3 Bg7 26. Bd5 Kh8 27. Rad1 Nd6 28. h4 f5 29. h5 e4 30. Qf4 Qf6 31. h6 Bf8 32. Qd2 Rc8 33. Qxd4 Qxd4 34. Rxd4 Bxh6 35. Be6 Rc6 36. Red1 Bg7 37. Rxd6 1-0

[Event "December 12 Late 2023"]
[Site "https://www.chess.com"]
[Date "2023.12.12"]
[Round "3"]
[White "Zampronha, Wladimir Camilo"]
[Black "Chocenka, Dmitrijus"]
[Result "0-1"]
[Board "120"]
[TimeControl "180+1"]
[WhiteFideId "2103087"]
[BlackFideId "12802336"]
[WhiteElo "2368"]
[BlackElo "2483"]
[WhiteTeam "BRA"]
[BlackTeam "LTU"]
[WhiteClock "0:01:15"]
[BlackClock "0:01:11"]

1. e4 c5 2. Nf3 Nc6 3. d4 cxd4 4. Nxd4 e5 5. Nb5 d6 6. N1c3 a6 7. Na3 Be6 8. Nd5 Rb8 9. c4 Be7 10. Bd3 Nf6 11. O-O O-O 12. Be3 Nd7 13. Qd2 h6 14. Rfd1 Bg5 15. Bxg5 hxg5 16. Ne3 Nc5 17. f3 Qf6 18. Bf1 Rfd8 19. Rac1 Nd4 20. Nac2 Nxc2 21. Rxc2 b5 22. b3 b4 23. Qf2 a5 24. Rcd2 Rb6 25. Nd5 Bxd5 26. Rxd5 Rc8 27. Qd2 Rcc6 28. Qe3 g6 29. g3 Kg7 30. Bh3 Qe7 31. R1d2 a4 32. Rd1 axb3 33. axb3 Ra6 34. R1d2 Ra3 35. Rb2 Qa7 36. Qxg5 Nxe4+ 0-1

[Event "December 12 Late 2023"]
[Site "https://www.chess.com"]
[Date "2023.12.12"]
[Round "3"]
[White "Todev, Simeon"]
[Black "Disconzi da Silva, Rodrigo"]
[Result "1-0"]
[Board "121"]
[TimeControl "180+1"]
[WhiteFideId "2925133"]
[BlackFideId "2100991"]
[WhiteElo "2324"]
[BlackElo "2472"]
[WhiteTeam "BUL"]
[BlackTeam "BRA"]
[WhiteClock "0:00:22"]
[BlackClock "0:00:46"]

1. e4 c5 2. Nf3 e6 3. c3 Nf6 4. e5 Nd5 5. d4 cxd4 6. cxd4 b6 7. Nc3 Nxc3 8. bxc3 Qc7 9. Bd2 Bb7 10. Bd3 d6 11. O-O Nd7 12. exd6 Bxd6 13. h3 Nf6 14. Re1 Bd5 15. Ne5 Rc8 16. Bb5+ Ke7 17. c4 Bb7 18. Bg5 h6 19. Bh4 a6 20. Qh5 Rcf8 21. Nxf7 Rxf7 22. Rxe6+ Kf8 23. Bxf6 Rxf6 24. Qe8# 1-0

[Event "December 12 Late 2023"]
[Site "https://www.chess.com"]
[Date "2023.12.12"]
[Round "3"]
[White "Serban, Cristian-Stefan"]
[Black "De Souza, Cristiano Gomes"]
[Result "1-0"]
[Board "122"]
[TimeControl "180+1"]
[WhiteFideId "1241443"]
[BlackFideId "2151758"]
[WhiteElo "2462"]
[BlackElo "2229"]
[WhiteTeam "ROU"]
[BlackTeam "BRA"]
[WhiteClock "0:00:09"]
[BlackClock "0:00:01"]

1. d4 Nf6 2. Bf4 g6 3. Nc3 d6 4. e4 c6 5. Qd2 b5 6. f3 h6 7. h4 Bg7 8. Nge2 a5 9. Ng3 Ba6 10. a3 b4 11. axb4 axb4 12. Nd1 Qb6 13. h5 g5 14. Be3 Nbd7 15. Nf5 Bf8 16. Bxa6 Rxa6 17. Rxa6 Qxa6 18. Qxb4 c5 19. dxc5 dxc5 20. Qd2 e6 21. Ng3 Bd6 22. Ne2 Ne5 23. b3 c4 24. O-O Ke7 25. Nb2 cxb3 26. cxb3 Rd8 27. Nd4 Nxh5 28. Qe2 Qxe2 29. Nxe2 Rb8 30. Nd4 Nf4 31. Ra1 Rb7 32. Nc4 Nxc4 33. bxc4 Bc5 34. Nc6+ Kd7 35. Ne5+ Kd6 36. Bxc5+ Kxc5 37. Ra5+ Kd4 38. g3 Rb1+ 39. Kf2 Rb2+ 40. Kf1 Nh3 41. Nxf7 Ke3 42. Ra3+ Kd4 43. Nxh6 Kxc4 44. Ng4 Kd4 45. Ra4+ Kc3 46. Ra3+ Kd4 47. Ra6 Kd3 48. Rd6+ Kc4 49. Rxe6 Kd4 50. Rd6+ Kc5 51. Rd3 Kc4 52. Rd8 Rb1+ 53. Kg2 Ng1 54. Ne3+ Kc5 55. Rd5+ Kc6 56. Rxg5 Ne2 57. Nf5 Nc3 58. g4 Ne2 59. Rg6+ Kd7 60. Kf2 Nf4 61. Rd6+ Kc7 62. Ke3 Ng2+ 63. Kf2 Rb2+ 64. Kg3 Ne1 65. Rd1 Rg2+ 66. Kf4 Rg1 67. g5 Ng2+ 68. Kg3 Rxd1 69. Kxg2 Kd7 70. Kg3 Ke6 71. Kf4 Rg1 72. Ne3 Kf7 73. Kf5 Kg7 74. f4 Re1 75. Ng4 Ra1 76. e5 Ra8 77. Nf6 Rf8 78. e6 Ra8 79. e7 Kf7 80. e8=Q+ Rxe8 81. Nxe8 Kxe8 82. Kg6 1-0

[Event "December 12 Late 2023"]
[Site "https://www.chess.com"]
[Date "2023.12.12"]
[Round "3"]
[White "Nilsson, Joakim"]
[Black "Flash_BJ"]
[Result "0-1"]
[Board "123"]
[TimeControl "180+1"]
[WhiteFideId "1723383"]
[WhiteElo "2451"]
[BlackElo "2193"]
[WhiteTeam "SWE"]
[WhiteClock "0:00:22"]
[BlackClock "0:00:32"]

1. e4 c5 2. Nf3 e6 3. b4 b6 4. a3 Bb7 5. Nc3 d6 6. Be2 Nf6 7. O-O Nxe4 8. Nxe4 Bxe4 9. Re1 Bc6 10. Bb2 e5 11. d4 cxd4 12. Nxd4 exd4 13. Qxd4 Kd7 14. b5 Bb7 15. Bg4+ Kc7 16. Qc4+ Nc6 17. bxc6 Bxc6 18. Rad1 d5 19. Qf4+ Bd6 20. Qxf7+ Kb8 21. Re6 Qc7 22. Qh5 g6 23. Qg5 Rd8 24. Rxd6 Rxd6 25. Be5 Kb7 26. Qf4 Rad8 27. c4 Qe7 28. Bxd6 Qxd6 29. Qf7+ Qc7 30. Qxc7+ Kxc7 31. Bf3 d4 32. Be2 Ba4 33. Rd2 Kc6 34. Bd3 Kc5 35. f3 Bb3 36. Kf2 Bxc4 37. Rc2 b5 38. a4 a6 39. axb5 axb5 40. Be4 d3 41. Rd2 Kd4 42. h4 Kc3 43. Ke3 Re8 44. g4 b4 45. Rd1 b3 46. h5 b2 47. hxg6 hxg6 48. g5 Re5 49. f4 Re7 50. Kf3 Kc2 51. Rf1 Rxe4 52. Kxe4 d2 53. Rf2 Bd3+ 54. Kd4 Bf5 55. Ke3 b1=Q 56. Rxd2+ Kc3 57. Rd6 Qe4+ 58. Kf2 Qxf4+ 59. Ke1 Qxd6 60. Ke2 Qh2+ 61. Ke1 Qg1+ 62. Ke2 Qxg5 63. Ke1 Qd2+ 64. Kf1 Kd3 65. Kg1 Ke3 66. Kf1 Qf2# 0-1

[Event "December 12 Late 2023"]
[Site "https://www.chess.com"]
[Date "2023.12.12"]
[Round "3"]
[White "Urbina Perez, Juan Antonio"]
[Black "Demina, Marya"]
[Result "1/2-1/2"]
[Board "124"]
[TimeControl "180+1"]
[WhiteFideId "2217368"]
[BlackFideId "4195671"]
[WhiteElo "2451"]
[BlackElo "2143"]
[WhiteTeam "ESP"]
[BlackTeam "RUS"]
[WhiteClock "0:00:22"]
[BlackClock "0:00:32"]

1. d4 Nf6 2. c4 c5 3. d5 b5 4. cxb5 a6 5. e3 axb5 6. Bxb5 Qa5+ 7. Nc3 Ba6 8. Bxa6 Nxa6 9. Ne2 d6 10. O-O g6 11. Bd2 Bg7 12. Ne4 Qb6 13. Nxf6+ Bxf6 14. Bc3 Bxc3 15. bxc3 c4 16. Qa4+ Kf8 17. Qxc4 Nc5 18. Qd4 f6 19. h4 Kf7 20. Rfb1 Qc7 21. h5 Rhb8 22. Nf4 Rxb1+ 23. Rxb1 Rxa2 24. hxg6+ hxg6 25. g4 Qc8 26. Ng2 Ra4 27. c4 Nd7 28. Qf4 Rxc4 29. Qh6 Nf8 30. f3 Rc1+ 31. Rxc1 Qxc1+ 32. Kh2 Qd2 33. Kg3 Qxd5 34. Nf4 Qe5 35. Kf2 d5 36. Qh2 Qb2+ 37. Kg3 Qe5 38. Kf2 d4 39. exd4 Qxd4+ 40. Kg3 Qe5 41. Kf2 Qd4+ 42. Kg3 Qe5 43. Kf2 Qb2+ 44. Kg3 Qxh2+ 45. Kxh2 e5 46. Nd3 Ne6 47. Kg3 g5 48. Nf2 Nd4 49. Ne4 Ke6 50. Nc5+ Kf7 51. Ne4 Ne6 52. Nd6+ Kg6 53. Nf5 Nf4 54. Ne7+ Kf7 55. Nf5 Ke6 56. Ng7+ Kf7 57. Nf5 Ke6 58. Ng7+ Kf7 59. Nf5 1/2-1/2

[Event "December 12 Late 2023"]
[Site "https://www.chess.com"]
[Date "2023.12.12"]
[Round "3"]
[White "Kleiman, Jake"]
[Black "Hernandez Jimenez, Alexander Andres"]
[Result "1/2-1/2"]
[Board "125"]
[TimeControl "180+1"]
[WhiteFideId "2020041"]
[BlackFideId "3900452"]
[WhiteElo "2626"]
[BlackElo "2290"]
[WhiteTeam "USA"]
[BlackTeam "VEN"]
[WhiteClock "0:01:06"]
[BlackClock "0:00:02"]

1. e4 c5 2. Nf3 d6 3. d4 cxd4 4. Nxd4 Nf6 5. Nc3 a6 6. Bg5 e6 7. f4 Be7 8. Qf3 Nbd7 9. O-O-O Qc7 10. g4 b5 11. Bxf6 Nxf6 12. g5 Nd7 13. f5 Ne5 14. Qe2 Bd7 15. Bh3 b4 16. fxe6 Bxg5+ 17. Kb1 fxe6 18. Rhf1 O-O-O 19. Qxa6+ Qb7 20. Qxb7+ Kxb7 21. Nce2 Nc4 22. Rf7 Bf6 23. Nxe6 Ne5 24. Nxd8+ Rxd8 25. Rxd7+ Nxd7 26. Rxd6 Kc7 27. Rxd7+ Rxd7 28. Bxd7 Kxd7 29. c3 Be5 30. h3 bxc3 31. bxc3 g5 32. Kc2 h5 33. Kd3 g4 34. hxg4 hxg4 35. Kc4 g3 36. Kd5 Bb8 37. c4 g2 38. c5 Bg3 39. e5 Kc7 40. c6 Bh4 41. a4 Be7 42. a5 Bb4 43. a6 Kb6 44. Kd4 Kxa6 45. Kc4 Bf8 46. Kd5 Kb6 47. Ng1 Kc7 48. Nf3 Be7 49. Ng1 Bh4 50. Nf3 Bd8 51. Kc5 Be7+ 52. Kd5 Bd8 53. Kc5 Be7+ 54. Kb5 Bd8 55. Kc4 Kxc6 56. Kd4 Bc7 57. Ke4 Bxe5 58. Kxe5 Kd7 59. Kf4 g1=Q 60. Nxg1 1/2-1/2

[Event "December 12 Late 2023"]
[Site "https://www.chess.com"]
[Date "2023.12.12"]
[Round "3"]
[White "Saravana, Krishnan P."]
[Black "Nechitaylo, Nikita"]
[Result "1-0"]
[Board "126"]
[TimeControl "180+1"]
[WhiteFideId "5018382"]
[BlackFideId "34138161"]
[WhiteElo "2618"]
[BlackElo "2285"]
[WhiteTeam "IND"]
[BlackTeam "UKR"]
[WhiteClock "0:01:42"]
[BlackClock "0:00:19"]

1. Nf3 c5 2. e4 Nc6 3. Bb5 g6 4. Bxc6 dxc6 5. d3 Qc7 6. Nc3 e5 7. h3 Be7 8. Be3 Nf6 9. Qd2 O-O 10. a3 Nh5 11. Ne2 Ng7 12. g4 Ne6 13. h4 Nd4 14. Nfxd4 cxd4 15. Bh6 Bxg4 16. Bxf8 Bxf8 17. O-O-O b5 18. Rdg1 h5 19. Kb1 a5 20. Rxg4 hxg4 21. h5 b4 22. a4 c5 23. b3 Qc6 24. Ng3 Bg7 25. Qg5 Qf6 26. Qxg4 Qc6 27. Rg1 Kf8 28. Nf5 c4 29. dxc4 Qxe4 30. Qxe4 gxf5 31. Qxa8+ 1-0

[Event "December 12 Late 2023"]
[Site "https://www.chess.com"]
[Date "2023.12.12"]
[Round "3"]
[White "Iskusnyh, Sergei"]
[Black "Player, Edmund C"]
[Result "1-0"]
[Board "127"]
[TimeControl "180+1"]
[WhiteFideId "4120027"]
[BlackFideId "406520"]
[WhiteElo "2580"]
[BlackElo "2281"]
[WhiteTeam "RUS"]
[BlackTeam "ENG"]
[WhiteClock "0:00:48"]
[BlackClock "0:00:07"]

1. d4 Nf6 2. c4 e6 3. g3 Bb4+ 4. Nd2 d5 5. Bg2 c6 6. Nf3 dxc4 7. O-O c3 8. bxc3 Bxc3 9. Rb1 Bxd4 10. Nxd4 Qxd4 11. Ba3 Nd5 12. Qc2 Qc3 13. Qb2 Qxb2 14. Rxb2 Nb6 15. Rc1 f5 16. e4 Kf7 17. Nf3 N8d7 18. Ng5+ Kf6 19. f4 Ne5 20. Rxb6 Nd3 21. Rc3 axb6 22. Rxd3 h6 23. Bb2+ Kg6 24. exf5+ exf5 25. Rd6+ Kh5 26. Bf3# 1-0

[Event "December 12 Late 2023"]
[Site "https://www.chess.com"]
[Date "2023.12.12"]
[Round "3"]
[White "Leenhouts, Koen"]
[Black "Gonzalez Zharikov, Andrey"]
[Result "1-0"]
[Board "128"]
[TimeControl "180+1"]
[WhiteFideId "1008439"]
[BlackFideId "5145287"]
[WhiteElo "2513"]
[BlackElo "2280"]
[WhiteTeam "NED"]
[BlackTeam "MEX"]
[WhiteClock "0:00:49"]
[BlackClock "0:00:07"]

1. e4 e5 2. Nf3 Nc6 3. Bc4 Bc5 4. O-O Nf6 5. d4 Nxd4 6. Nxe5 O-O 7. b4 Bb6 8. c3 Nc6 9. Nxc6 bxc6 10. Qf3 Nxe4 11. Qxe4 d5 12. Qf3 dxc4 13. Rd1 Qh4 14. Qf4 Qh5 15. Re1 Be6 16. Nd2 a5 17. Nf3 axb4 18. cxb4 c3 19. a3 c5 20. Re5 Qg6 21. bxc5 Rfd8 22. cxb6 Rd1+ 23. Re1 Qd3 1-0

[Event "December 12 Late 2023"]
[Site "https://www.chess.com"]
[Date "2023.12.12"]
[Round "3"]
[White "Kraiouchkine, Nikita"]
[Black "Sarkar, Justin"]
[Result "0-1"]
[Board "130"]
[TimeControl "180+1"]
[WhiteFideId "2607140"]
[BlackFideId "2010011"]
[WhiteElo "2484"]
[BlackElo "2276"]
[WhiteTeam "CAN"]
[BlackTeam "USA"]
[WhiteClock "0:00:02"]
[BlackClock "0:00:02"]

1. e4 Nc6 2. d4 d5 3. e5 Bf5 4. c3 f6 5. f4 e6 6. Bd3 Bxd3 7. Qxd3 fxe5 8. fxe5 Nge7 9. Nf3 Nf5 10. O-O Be7 11. Be3 Nxe3 12. Qxe3 O-O 13. Nbd2 Qd7 14. b4 Rf7 15. a4 Raf8 16. Nb3 b6 17. Qd3 Bd8 18. a5 Ne7 19. axb6 axb6 20. Ra8 Ng6 21. Rfa1 Nf4 22. Qf1 Nh3+ 23. Kh1 Ng5 24. Nbd2 Qc6 25. Qd3 Ne4 26. Qe3 Qxc3 27. Qxc3 Nxc3 28. Rc1 Nb5 29. Raa1 Be7 30. Rab1 g5 31. h3 h5 32. Kh2 g4 33. hxg4 hxg4 34. Ng1 Nxd4 35. Kg3 Bg5 36. Rd1 Nb5 37. Rb3 Bf4+ 38. Kxg4 Bxe5 39. Kh3 Rg7 40. g4 Rf6 41. Ngf3 Rh6+ 42. Kg2 Rxg4+ 43. Kf2 Bd6 44. Rg1 Rhg6 45. Rh1 Rg2+ 46. Ke1 e5 47. Rb1 e4 48. Nh4 Rg1+ 49. Ke2 R6g2+ 50. Ke3 Rg3+ 51. Ke2 Rxb1 52. Rxb1 Nc3+ 53. Kf2 e3+ 54. Ke1 exd2+ 55. Kxd2 Nxb1+ 0-1

[Event "December 12 Late 2023"]
[Site "https://www.chess.com"]
[Date "2023.12.12"]
[Round "3"]
[White "Garcia Almaguer, Juan Manuel"]
[Black "Lopez Del Alamo, Antonio"]
[Result "1-0"]
[Board "131"]
[TimeControl "180+1"]
[WhiteFideId "5110491"]
[BlackFideId "2227339"]
[WhiteElo "2484"]
[BlackElo "2270"]
[WhiteTeam "MEX"]
[BlackTeam "ESP"]
[WhiteClock "0:02:19"]
[BlackClock "0:00:16"]

1. e4 c5 2. Nf3 e6 3. d4 cxd4 4. Nxd4 Nf6 5. Bd3 Nc6 6. Nxc6 dxc6 7. O-O e5 8. Nd2 Bc5 9. Nc4 Qe7 10. Be3 Bxe3 11. Nxe3 O-O 12. Qd2 Be6 13. Qc3 Nd7 14. b4 a5 15. a3 axb4 16. axb4 g6 17. g3 Qd6 18. f4 Qc7 19. f5 1-0

[Event "December 12 Late 2023"]
[Site "https://www.chess.com"]
[Date "2023.12.12"]
[Round "3"]
[White "Minina, Veronika"]
[Black "Yashmetov, Mikhail"]
[Result "0-1"]
[Board "132"]
[TimeControl "180+1"]
[WhiteFideId "4174780"]
[BlackFideId "24198900"]
[WhiteElo "2254"]
[BlackElo "2476"]
[WhiteTeam "RUS"]
[BlackTeam "RUS"]
[WhiteClock "0:00:02"]
[BlackClock "0:01:43"]

1. Nf3 Nf6 2. g3 g6 3. Bg2 Bg7 4. c4 O-O 5. O-O c6 6. Nc3 d5 7. d4 dxc4 8. Ne5 Ng4 9. Nxc4 Qxd4 10. Qb3 b5 11. Na5 Be6 12. Qc2 Qb6 13. b4 Na6 14. a3 Rac8 15. Bb2 c5 16. Nd5 Bxd5 17. Bxd5 cxb4 18. Nc6 Rxc6 19. Bxc6 Bxb2 20. Qxb2 Qxc6 21. axb4 Nc7 22. Rfc1 Qb7 23. Qd4 Nf6 24. Rxa7 Ne6 25. Qe3 Qd5 26. Rxe7 Ng5 27. h4 Nh3+ 28. Kh2 Ng4+ 29. Kxh3 Nxe3 30. Rxe3 Qd7+ 31. Kh2 Re8 32. Rd3 Qe7 33. e3 Qxb4 34. Rc7 Qb2 35. Kg2 b4 36. Rdd7 Rf8 37. h5 b3 38. hxg6 hxg6 0-1

[Event "December 12 Late 2023"]
[Site "https://www.chess.com"]
[Date "2023.12.12"]
[Round "3"]
[White "youngdinousaur"]
[Black "Liu, Casper"]
[Result "0-1"]
[Board "133"]
[TimeControl "180+1"]
[BlackFideId "1454153"]
[WhiteElo "2246"]
[BlackElo "2436"]
[BlackTeam "DEN"]
[WhiteClock "0:00:09"]
[BlackClock "0:00:18"]

1. d4 f5 2. Bg5 Nf6 3. Bxf6 exf6 4. e3 d5 5. c4 Bb4+ 6. Nc3 O-O 7. Qb3 Bxc3+ 8. bxc3 dxc4 9. Bxc4+ Kh8 10. Ne2 Nc6 11. Qb2 Na5 12. Bd3 Qd5 13. O-O Nc4 14. Qb4 Nd6 15. c4 a5 16. Qa3 Qf7 17. c5 Ne4 18. Rfc1 Be6 19. Qb2 c6 20. a3 a4 21. Qb4 h5 22. Rab1 Bb3 23. Bc4 Bxc4 24. Rxc4 h4 25. Rc2 h3 26. f3 Ng5 27. Ng3 hxg2 28. Kxg2 Qd5 29. Rf2 Rae8 30. Re1 f4 31. e4 Qd7 32. Nf5 g6 33. h4 gxf5 34. hxg5 fxe4 35. Rh1+ Kg7 36. gxf6+ Rxf6 37. fxe4 Qg4+ 38. Kf1 Qd1+ 39. Qe1 Qxe1+ 40. Kxe1 Rxe4+ 41. Kf1 Rxd4 42. Rb2 Rf7 43. Rg1+ Kf6 44. Rgg2 Rc4 45. Rgc2 Rxc2 46. Rxc2 Ke5 47. Kf2 Kd4 48. Kf3 Kd3 49. Rb2 Kc4 50. Rc2+ Kb3 51. Rd2 Kxa3 52. Rd4 Kb3 0-1

[Event "December 12 Late 2023"]
[Site "https://www.chess.com"]
[Date "2023.12.12"]
[Round "3"]
[White "Sultanbek, Zeinep"]
[Black "Buchenau, Frank"]
[Result "0-1"]
[Board "134"]
[TimeControl "180+1"]
[WhiteFideId "13710419"]
[BlackFideId "4604350"]
[WhiteElo "2238"]
[BlackElo "2420"]
[WhiteTeam "KAZ"]
[BlackTeam "GER"]
[WhiteClock "0:00:54"]
[BlackClock "0:01:10"]

1. d4 e6 2. c4 Nf6 3. Nf3 b6 4. g3 Bb7 5. Bg2 Be7 6. O-O O-O 7. Nc3 Ne4 8. Re1 Nxc3 9. bxc3 Nc6 10. d5 Na5 11. Qd3 Ba6 12. Nd2 exd5 13. Qxd5 Bb7 14. Qd3 Bxg2 15. Kxg2 Qc8 16. Ne4 Qa6 17. Bf4 d6 18. Nd2 Rad8 19. c5 Qb7+ 20. Kg1 dxc5 21. Qc2 Rfe8 22. c4 Bf6 23. Rad1 Nc6 24. Ne4 Be7 25. Nc3 Nd4 26. Qb2 Bf6 27. e4 Nf3+ 0-1